 Dungeon Crawl Stone Soup version 0.17-a0-1510-gb3fb22e (webtiles) character file.

21620 Goblin1989 the Spear-Bearer (level 12, -12/106 (107) HPs)
             Began as a Minotaur Hunter on July 11, 2015.
             Was a Priest of Fedhas.
             Mangled by a komodo dragon (29 damage)
             ... on level 4 of the Lair of Beasts.
             The game lasted 01:32:46 (17975 turns).

Goblin1989 the Spear-Bearer (Minotaur Hunter)      Turns: 17975, Time: 01:32:48

HP:   -12/106 (107) AC: 10    Str: 18    XL:     12   Next: 55%
MP:   13/13         EV: 19    Int:  8    God:    Fedhas [***...]
Gold: 801           SH:  0    Dex: 15    Spells: 0 memorised, 11 levels left

rFire  . . .     SeeInvis .     g - +1 halberd
rCold  . . .     Clarity  .     N - +1 troll leather armour
rNeg   . . .     SustAt   +     (no shield)
rPois  +         Gourm    .     (helmet restricted)
rElec  .         Spirit   .     q - +0 cloak {+Inv}
rCorr  .         Warding  .     d - +2 pair of gloves
rMut   .         Stasis   .     e - +0 pair of boots
MR     .....                    (no amulet)
Stlth  ++........               x - ring of sustain attributes
                                y - ring of poison resistance

@: not resistant to hostile enchantments, unstealthy
A: retaliatory headbutt, horns 2
a: Evolution, Sunlight, Growth, Renounce Religion, Evoke Invisibility


You were on level 4 of the Lair of Beasts.
You worshipped Fedhas.
Fedhas was most pleased with you.
You were not hungry.

You visited 3 branches of the dungeon, and saw 16 of its levels.
You also visited: Volcano.

You collected 801 gold pieces.

Inventory:

Hand weapons
 a - a +2 shortbow
 g - a +1 halberd (weapon)
 t - a +0 scythe
Missiles
 b - 252 arrows (quivered)
 l - 14 poisoned arrows
Armour
 d - a +2 pair of gloves (worn)
 e - a +0 pair of boots (worn)
 p - a +2 ring mail of fire resistance
 q - a +0 cloak of invisibility (worn)
 N - a +1 troll leather armour (worn)
Jewellery
 r - an uncursed ring of protection from fire {unknown}
 v - a +4 ring of intelligence
 x - a ring of sustain attributes (right hand)
 y - a ring of poison resistance (left hand)
 G - an uncursed ring of teleportation
 J - an uncursed ring of positive energy {unknown}
Magical devices
 f - a wand of draining (5)
 m - a wand of draining (1)
 A - a wand of frost (25)
Scrolls
 j - a scroll of recharging
 n - a scroll of teleportation
 s - a scroll of enchant weapon
 C - a scroll of fear
 F - a scroll of noise {unknown}
 K - 2 scrolls of blinking {unknown}
Potions
 c - a potion of magic
 h - 2 potions of resistance
 i - 5 potions of curing
 w - 2 potions of might
 z - 5 potions of berserk rage
 E - a potion of flight
Comestibles
 u - 7 bread rations
 B - 2 meat rations


   Skills:
 - Level 10.4 Fighting
 + Level 14.8 Polearms
 * Level 10.9 Bows
 - Level 3.1 Armour
 * Level 11.3 Dodging
 - Level 0.7 Stealth
 - Level 3.0 Invocations


You had 11 spell levels left.
You didn't know any spells.

Dungeon Overview and Level Annotations

Branches:
Dungeon (11/15)            Temple (1/1) D:7            Lair (4/8) D:11
 Spider (0/4) Lair:3
  Swamp: Lair:3-6    Shoals: Lair:3-6       Orc: D:9-12

Altars:
Ashenzari
Cheibriados
Dithmenos
Elyvilon
Fedhas
Gozag
Kikubaaqudgha
Makhleb
Nemelex Xobeh
Qazlal
Ru
Sif Muna
Trog
Vehumet
Yredelemnul
Zin
The Shining One
Lugonu

Annotations:
D:4 Alipheese's ghost, average NaTm
Lair:3 amnekian's ghost, powerful FoFi


Innate Abilities, Weirdness & Mutations

You reflexively headbutt those who attack you in melee.
You have a pair of horns on your head.


Message History

You headbutt the spiny frog, but do no damage.
The spiny frog misses you. You furiously retaliate!
You headbutt the spiny frog. The komodo dragon bites you!!
A crocodile comes into view.
You slash the spiny frog! You headbutt the spiny frog.
The spiny frog is moderately wounded.
The spiny frog stings you!!
You closely miss the spiny frog.
The spiny frog is moderately wounded.
The komodo dragon bites you! The spiny frog misses you.
You furiously retaliate!
You headbutt the spiny frog. The komodo dragon barely misses you.
You furiously retaliate!
You headbutt the komodo dragon, but do no damage.
Your troll leather armour prevents you from hitting the spiny frog.
The spiny frog is heavily wounded.
The komodo dragon barely misses you. The spiny frog stings you!
* * * LOW HITPOINT WARNING * * *
The komodo dragon bites you!!
You die...
Fedhas appreciates your contribution to the ecosystem.

#.............,,,,,,,,
#............,,,,,,,,,
###...###...,,,,,,,,,,
#..##,*..,.,,,,,,,,,
#..#**,,*..,,,**,,,,
##..# **#...,,,***,,,
##Pf.###..t.#,,,***,,,
#.ff.#F...#,**,,**,,,,
#....@ll.#***,,,***,,,
#P...ll..#,,,,,,,,,,,,
#....#.P.....,,,,,,,,,
##....#PP....,,,,,,,,,
###.#####...,,,,,,,,,
### **..,,,***,,,
**#,*** **** ***


You could see 4 komodo dragons, a spiny frog, a crocodile and 3 friendly
wandering mushrooms.

Vanquished Creatures
  The ghost of badblocks the Cleaver, an experienced FoBe of Trog (D:10)
  A hill giant (D:11)
  An orc sorcerer (Volcano)
  A manticore (D:11)
  A black mamba (Lair:3)
  4 spiny frogs
  3 komodo dragons
  2 fire drakes (Lair:1)
  A troll (Lair:1)
  A polar bear (Lair:2)
  2 two-headed ogres
  13 blink frogs
  Sigmund (D:3)
  2 trapdoor spiders (Lair:3)
  6 yaks
  A human (D:10)
  6 hippogriffs
  A deep elf fighter (D:11)
  Menkaure (D:7)
  8 water moccasins
  A sky beast (D:6)
  7 porcupines
  3 black bears
  2 phantoms (D:10)
  2 necrophages (D:10)
  3 wasps
  An ice beast (D:6)
  4 ogres
  4 centaurs
  8 crocodiles
  7 orc warriors
  A big kobold (D:9)
  7 giant frogs
  2 scorpions
  A water moccasin skeleton (D:9)
  4 killer bees (D:9)
  16 wights
  8 hounds
  2 centaur zombies
  3 giant frog skeletons
  4 crimson imps
  4 giant frog zombies
  A quasit (D:5)
  3 orc priests
  3 jellies
  8 worker ants
  6 iguanas
  4 orc wizards
  7 sheep (Lair:1)
  2 hound zombies
  A hound skeleton (D:4)
  A worker ant zombie (D:10)
  9 gnolls
  8 river rats
  2 shadow imps
  13 adders
  2 adder zombies (D:7)
  An adder skeleton (D:9)
  7 worms
  4 giant geckos
  25 orcs
  22 bats
  A bat skeleton (D:4)
  2 giant cockroaches
  11 goblins
  15 hobgoblins
  21 jackals
  7 quokkas
  A giant gecko skeleton (D:5)
  6 giant newts
  A jackal skeleton (D:4)
  26 kobolds
  A quokka skeleton (D:5)
  18 rats
390 creatures vanquished.

Vanquished Creatures (collateral kills)
  A hydra (Lair:3)
  Erica (D:9)
  2 hill giants (D:10)
  A gargoyle (D:10)
  A komodo dragon (Lair:1)
  A troll (D:11)
  A wandering mushroom (Lair:2)
  2 trapdoor spiders (Lair:3)
  3 blink frogs
  A deep elf mage (D:10)
  7 yaks
  A soldier ant (D:11)
  An orc warrior (Volcano)
  A porcupine (Lair:1)
  A big kobold (D:11)
  A wyvern skeleton (D:11)
  A quasit (D:11)
  A hound skeleton (D:11)
  2 river rats (D:11)
  2 adders
  5 kobolds (D:11)
  3 bats (D:11)
  6 rats (D:11)
46 creatures vanquished.

Vanquished Creatures (others)
  Fannar (D:11)
  14 wandering mushrooms
  4 fungi
  3 plants
  233 toadstools
255 creatures vanquished.

Grand Total: 691 creatures vanquished

Notes
Turn   | Place    | Note
--------------------------------------------------------------
     0 | D:1      | Goblin1989 the Minotaur Hunter began the quest for the Orb.
     0 | D:1      | Reached XP level 1. HP: 18/18 MP: 0/0
   290 | D:1      | Found a shattered altar of Ashenzari.
   321 | D:1      | Reached XP level 2. HP: 23/26 MP: 1/1
  1143 | D:2      | Reached XP level 3. HP: 33/33 MP: 2/2
  1660 | D:2      | Reached skill level 5 in Fighting
  1765 | D:2      | Reached XP level 4. HP: 28/42 MP: 3/3
  2118 | D:3      | Noticed Sigmund
  2131 | D:3      | Killed Sigmund
  2131 | D:3      | Reached skill level 7 in Fighting
  2131 | D:3      | Reached XP level 5. HP: 38/52 MP: 4/4
  2345 | D:3      | Reached skill level 1 in Polearms
  2443 | D:3      | Found a burning altar of Makhleb.
  2458 | D:3      | Reached XP level 6. HP: 47/60 MP: 5/5
  3493 | D:4      | Noticed Alipheese's ghost (average NaTm)
  3513 | D:5      | Entered Level 5 of the Dungeon
  3837 | D:5      | Found a burning altar of Makhleb.
  3842 | D:5      | Found a glowing silver altar of Zin.
  3842 | D:5      | Noticed an angel
  3843 | D:5      | Noticed a cacodemon
  3850 | D:5      | Reached skill level 5 in Polearms
  3967 | D:5      | Found a shattered altar of Ashenzari.
  3971 | D:5      | Reached XP level 7. HP: 66/66 MP: 6/6
  4926 | D:5      | Reached skill level 8 in Polearms
  5130 | D:6      | Found an opulent altar of Gozag.
  5203 | D:6      | Found a basalt altar of Yredelemnul.
  5589 | D:6      | Reached XP level 8. HP: 33/73 MP: 7/7
  5596 | D:6      | Reached skill level 9 in Polearms
  5636 | D:6      | Found an ancient bone altar of Kikubaaqudgha.
  5806 | D:6      | Found a stormy altar of Qazlal.
  5904 | D:6      | Found a snail-covered altar of Cheibriados.
  6001 | D:6      | Reached skill level 10 in Polearms
  6299 | D:6      | Reached skill level 11 in Polearms
  6625 | D:7      | Noticed Menkaure
  6637 | D:7      | Killed Menkaure
  6916 | D:7      | Found a staircase to the Ecumenical Temple.
  6922 | D:7      | Reached XP level 9. HP: 27/79 MP: 8/8
  7176 | Temple   | Entered the Ecumenical Temple
  7189 | Temple   | Became a worshipper of Fedhas Madash
  7221 | D:7      | Reached skill level 12 in Polearms
  8097 | D:8      | Acquired Fedhas's first power
  8891 | D:9      | Reached skill level 10 in Fighting
  9217 | D:9      | Reached skill level 13 in Polearms
  9487 | D:9      | Noticed Erica
  9947 | D:9      | Found a white marble altar of Elyvilon.
 10117 | D:9      | Reached XP level 10. HP: 94/94 MP: 9/9
 10172 | D:9      | Killed Erica
 10172 | D:9      | Reached skill level 1 in Armour
 10172 | D:9      | Reached skill level 1 in Invocations
 10548 | D:9      | Found a radiant altar of Vehumet.
 11008 | D:9      | Acquired Fedhas's second power
 11350 | D:10     | Entered Level 10 of the Dungeon
 11625 | D:10     | Reached skill level 5 in Dodging
 11745 | D:10     | Noticed badblocks's ghost (experienced FoBe)
 11767 | D:10     | Killed badblocks's ghost
 11869 | D:10     | Reached skill level 5 in Bows
 12077 | D:10     | Noticed a hill giant
 12089 | D:10     | Killed a hill giant
 12447 | D:10     | Noticed a hill giant
 12447 | D:11     | Noticed a hill giant
 12456 | D:10     | Killed a hill giant
 12517 | D:11     | Killed a hill giant
 12517 | D:11     | Reached XP level 11. HP: 100/100 MP: 12/12
 12548 | D:11     | Noticed a manticore
 12566 | D:11     | Killed a manticore
 13035 | D:11     | Acquired Fedhas's third power
 13376 | D:11     | Found a staircase to the Lair.
 13679 | Lair:1   | Entered Level 1 of the Lair of Beasts
 13697 | Lair:1   | Noticed Fannar
 13738 | D:11     | Killed Fannar
 13843 | Lair:1   | Reached skill level 14 in Polearms
 15572 | Lair:2   | Reached XP level 12. HP: 106/106 MP: 13/13
 15583 | Lair:2   | Reached skill level 10 in Dodging
 16506 | Lair:3   | Noticed a six-headed hydra
 16682 | Lair:3   | Reached skill level 10 in Bows
 17079 | Lair:3   | Noticed an eight-headed hydra
 17097 | Lair:3   | Killed an eight-headed hydra
 17146 | Lair:3   | Found a hole to the Spider Nest.
 17205 | Lair:3   | Noticed amnekian's ghost (powerful FoFi)
 17599 | Lair:4   | Found a dark tunnel.
 17618 | Volcano  | Entered a volcano
 17975 | Lair:4   | Mangled by a komodo dragon

Vault maps used:
D:1:      minmay_arrival_semitransparent, minmay_misc_feat_chi,
          evilmike_ruin_ashenzari
D:3:      makhleb_blood_cavern_becter, uniq_sigmund
D:5:      grunt_temple_overflow_order_and_chaos_2,
          lemuel_coloured_pillars_altar, first_bread
D:6:      nicolae_gozag_seed_capital, lemuel_crystal_altar,
          nicolae_qazlal_eye_of_the_storm, slow_altar_2, kiku_gazebo_pond_becter
D:7:      temple_doors_e, uniq_menkaure
D:9:      vehumet_altar_wand_db, old_standard_altar, uniq_erica
D:10:     serial_undead, serial_undead_a, serial_undead_e, serial_undead_f,
          serial_undead_e, hangedman_stone_soup
D:11:     grunt_lair_entry_elf_guard_hut
Temple:   corrupted_temple
Lair:1:   uniq_fannar
Lair:3:   spider_nest_entry_webs, grunt_megastairs_2
Lair:4:   enter_volcano_1, serial_bayou_lagoon_a, beast_lair_carwin_4,
          grunt_megastairs_3, lemuel_fruit_tree
Volcano:  volcano_pools

Action                   |  1- 3 |  4- 6 |  7- 9 | 10-12 || total
-------------------------+-------+-------+-------+-------++-------
Melee: Short sword       |   135 |    33 |       |       ||   168
       Unarmed           |       |    75 |     1 |       ||    76
       Scythe            |       |     6 |       |       ||     6
       Halberd           |       |   106 |   338 |   588 ||  1032
       Spear             |       |       |       |    67 ||    67
 Fire: Shortbow          |       |       |    11 |   143 ||   154
Invok: Evolution         |       |       |     2 |    19 ||    21
  Use: Scroll            |       |       |    16 |    12 ||    28
       Potion            |       |       |     5 |     5 ||    10
 Stab: Sleeping          |     1 |     2 |     2 |     4 ||     9
       Distracted        |       |       |     2 |     3 ||     5
       Confused          |       |       |     1 |     3 ||     4
  Eat: Chunk             |     3 |     3 |     4 |     7 ||    17
       Bread ration      |       |     1 |       |     1 ||     2
       Meat ration       |       |       |     3 |     2 ||     5
       Royal jelly       |       |       |       |     4 ||     4
